 Dungeon Crawl Stone Soup version 0.27-a0-1136-g0b992a5a9d (console) character file.

Game seed: 1196526084195036360

9645 nht the Slicer (level 11, -1/72 HPs)
             Began as a Demonspawn Hunter on May 4, 2021.
             Was a Believer of Dithmenos.
             Slain by a molten gargoyle
             ... wielding a +1 morningstar of holy wrath
              (3 damage)
             ... in a volcano.
             The game lasted 00:32:13 (13821 turns).

nht the Slicer (Demonspawn Hunter)                 Turns: 13821, Time: 00:32:13

Health: -1/72      AC: 12    Str: 13    XL:     11   Next: 25%
Magic:  13/16      EV: 11    Int: 22    God:    Dithmenos [**....]
Gold:   154        SH:  0    Dex: 15    Spells: 4/17 levels left

rFire    + + .     SeeInvis .   F - +3 short sword (venom)
rCold    . . .     Faith    .   (no shield)
rNeg     . . .     Spirit   .   S - +1 leather armour {rF+}
rPois    .         Reflect  .   (helmet restricted)
rElec    .         Harm     .   t - +0 cloak
rCorr    .         Rampage  .   Q - +2 pair of gloves
Will     .....                  (no boots)
Stlth    +++.......             J - amulet of the acrobat
HPRegen  0.22/turn              j - +4 ring of protection
MPRegen  0.15/turn              x - ring of Xom's Entertainment {rF+ Int+6}

@: confusing by touch, wreathed by umbra
A: horns 1, thin skeletal structure 1, powered by death 1, demonic magic 2
a: Renounce Religion, Shadow Step


You were in a volcano.
You worshipped Dithmenos.
Dithmenos was pleased with you.
You visited 3 branches of the dungeon, and saw 12 of its levels.
You also visited: Ossuary and Volcano.

You collected 586 gold pieces.
You spent 432 gold pieces at shops.

Inventory:

Hand Weapons
 F - a +3 short sword of venom (weapon)
Missiles
 b - 6 curare-tipped darts
 c - 7 javelins
 d - 5 throwing nets
 l - 4 atropa-tipped darts
 o - 26 boomerangs (quivered)
 B - 33 poisoned darts
Armour
 t - a +0 cloak (worn)
 Q - a +2 pair of gloves (worn)
 S - a +1 leather armour of fire resistance (worn)
Magical Staves
 k - a staff of fire
 C - a staff of earth
Jewellery
 j - a +4 ring of protection (left hand)
 q - a +4 ring of evasion
 s - a ring of wizardry
 u - a ring of flight
 x - the ring of Xom's Entertainment (right hand) {rF+ Int+6}
   (You found it in an ossuary)

   [ring of intelligence]

   It affects your intelligence (+6).
   It protects you from fire.
 y - a ring of protection from cold
 z - a ring of poison resistance
 A - a +6 ring of intelligence
 J - an amulet of the acrobat (around neck)
Wands
 w - a wand of iceblast (1)
 L - a wand of digging (4)
Scrolls
 e - 2 scrolls of brand weapon
 n - 9 scrolls of teleportation
 D - 2 scrolls of immolation
 I - 2 scrolls of blinking
 K - a scroll of vulnerability
 O - a scroll of amnesia
 P - a scroll of enchant weapon
 R - a scroll of identify
Potions
 a - a potion of attraction {unknown}
 f - 4 potions of haste
 g - 7 potions of curing
 h - 3 potions of might
 m - 4 potions of brilliance
 p - 3 potions of heal wounds
 r - 2 potions of flight
 v - a potion of lignification
 E - a potion of invisibility
 H - 2 potions of mutation
Miscellaneous
 M - a condenser vane (inert)


   Skills:
 - Level 2.0 Fighting
 + Level 10.6 Short Blades
 - Level 6.5 Throwing
 - Level 1.7 Dodging
 - Level 0.8 Stealth
 + Level 3.8 Spellcasting
 + Level 2.9 Hexes
 - Level 10.0 Necromancy
 + Level 6.7 Invocations


You had 4 spell levels left.
You knew the following spells:

 Your Spells              Type           Power      Damage    Failure   Level
a - Pain                  Necr           100%       1d9       1%          1
b - Vampiric Draining     Necr           24%        2d9       1%          3
c - Agony                 Necr           48%        N/A       6%          5
d - Confusing Touch       Hex            17%        N/A       13%         3
e - Corona                Hex            18%        N/A       4%          1

Your spell library contained the following spells:

 Spells                   Type           Power      Damage    Failure   Level
 Animate Skeleton         Necr           96%        N/A       1%          1
 Animate Dead             Necr           24%        N/A       2%          4
 Ensorcelled Hibernation  Hex/Ice        20%        N/A       12%         2
 Tukima's Dance           Hex            17%        N/A       13%         3
 Dazzling Flash           Conj/Hex       20%        N/A       24%         3


Dungeon Overview and Level Annotations

Branches:
Dungeon (10/15)            Temple (1/1) D:7            Lair (1/6) D:10
    Orc (0/2) D:9         Ossuary (visited)         Volcano (1/1)

Altars:
Ashenzari
Cheibriados
Dithmenos
Elyvilon
Fedhas
Gozag
Hepliaklqana
Kikubaaqudgha
Makhleb
Nemelex Xobeh
Okawaru
Qazlal
Ru
Sif Muna
Trog
Uskayaw
Vehumet
Wu Jian
Xom
Yredelemnul
Zin
The Shining One

Shops:
D:3 *   D:7 :

Portals:
Trove: D:10 (give 5 scrolls of fog)

Annotations:
Volcano exclusion: door


Innate Abilities, Weirdness & Mutations

You have a pair of small horns on your head.
You have a somewhat thin skeletal structure. (Dex +2, Stealth+)
You regenerate a little health from kills.
Spells you cast may paralyse nearby enemies.


Message History

Press: ? - help, v - describe, . - travel
Here: a molten gargoyle, wielding a +1 morningstar of holy wrath (dormant)
The floor.
Found three items.
Casting: Vampiric Draining (safe; 1% risk of failure)
Confirm with . or Enter, or press ? or * to list all spells.
You can't see any susceptible monsters within range! (Use Z to cast anyway.)
Casting: Vampiric Draining (safe; 1% risk of failure)
Confirm with . or Enter, or press ? or * to list all spells.
Your hands begin to glow red.
Malevolent energies surge around you.
The molten gargoyle hits you with a +1 morningstar of holy wrath!
You are engulfed in flames.
You resist.
You convulse!
You hit the molten gargoyle but do no damage.
You headbutt the molten gargoyle, but do no damage.
The molten gargoyle blasts magma at you!
The bolt of magma hits you! You partially resist.
You hit the molten gargoyle but do no damage.
You hit the molten gargoyle but do no damage.
The molten gargoyle hits you with a +1 morningstar of holy wrath!
You are engulfed in flames.
You resist.
* * * LOW HITPOINT WARNING * * *
You convulse.
* * * LOW HITPOINT WARNING * * *
Okay, then.
You hit the molten gargoyle but do no damage.
You headbutt the molten gargoyle, but do no damage.
You hit the molten gargoyle but do no damage.
The molten gargoyle hits you with a +1 morningstar of holy wrath.
* * * LOW HITPOINT WARNING * * *
You are engulfed in flames.
You resist.
* * * LOW HITPOINT WARNING * * *
You convulse.
* * * LOW HITPOINT WARNING * * *
You feel much better. The molten gargoyle barely misses you.
You hit the molten gargoyle but do no damage.
You headbutt the molten gargoyle, but do no damage.
The molten gargoyle hits you with a +1 morningstar of holy wrath!!
* * * LOW HITPOINT WARNING * * *
You are engulfed in flames.
You resist.
You die...

≈≈≈.█ █.8_8)█..∩.█
≈≈..█ █..†..█....█
≈≈≈.███
███'███''███.§
≈§..█.. █.█......█.≈≈
§S≈.█ █.█.██████..≈
S≈..█ █.█.█?[$.█ ≈
≈≈≈.█ █.█.█$!$.█
≈S..█ █.█.█)(..█
≈≈..█ █.█..@9..█
§≈≈§████████+████████
§≈≈.............○○○☼
§§§S.≈≈.≈.≈≈≈≈.≈○○○○
§§≈§.≈≈≈≈≈§≈≈≈≈≈○☼○§
§§§≈≈≈≈≈≈≈≈≈§§≈○§○S§
§≈≈§§≈≈≈≈≈≈§§§§§○○§≈
≈§≈≈≈≈≈≈≈≈≈§≈≈§≈°.°≈
.≈≈≈§≈≈≈≈≈≈≈≈≈.....§


You could see a molten gargoyle.

Vanquished Creatures
  Harold (D:6)
  A two-headed ogre (D:10)
  A hell knight (Volcano)
  Sonja (Lair:1)
  2 ugly things (Volcano)
  A smoke demon (Volcano)
  A kobold demonologist (D:10)
  A komodo dragon (D:9)
  A red devil (Volcano)
  A wyvern (D:8)
  A yak (D:10)
  A basilisk (Lair:1)
  2 steam dragons
  4 vampire mosquitoes (D:10)
  2 hell hounds (Lair:1)
  8 orc warriors
  2 black bears
  An ogre (D:4)
  2 centaurs (D:10)
  3 necrophages
  2 phantoms
  A kobold brigand (D:7)
  4 bullfrogs
  A gnoll sergeant (D:8)
  10 scorpions
  A wyvern zombie (D:8)
  A water moccasin skeleton (D:4)
  3 wights (D:8)
  An electric eel (D:7)
  A lava snake (Volcano)
  4 human zombies (Ossuary)
  3 centaur zombies
  A hound (D:5)
  A jelly (D:6)
  7 orc priests
  Crazy Yiuf (D:5)
  A centaur skeleton (D:5)
  4 iguanas
  7 orc wizards
  4 scorpion zombies (Ossuary)
  3 mummies (Ossuary)
  A howler monkey zombie (D:9)
  A river rat (D:4)
  An adder (D:5)
  11 gnolls
  An adder skeleton (D:4)
  4 worms (D:4)
  40 orcs
  6 bats
  12 endoplasms
  5 giant cockroaches
  2 gnoll zombies (Ossuary)
  13 goblins
  9 hobgoblins
  4 jackals
  5 quokkas
  12 ball pythons
  3 frilled lizards
  A goblin zombie (Ossuary)
  2 hobgoblin zombies (Ossuary)
  10 kobolds
  2 kobold zombies (Ossuary)
  2 orc zombies (Ossuary)
  9 rats
254 creatures vanquished.

Vanquished Creatures (others)
  6 plants (D:7)
6 creatures vanquished.

Grand Total: 260 creatures vanquished

Notes
Turn   | Place    | Note
-------+----------+-------------------------------------------
     0 | D:1      | nht the Demonspawn Hunter began the quest for the Orb.
     0 | D:1      | Reached XP level 1. HP: 16/16 MP: 1/1
    25 | D:1      | Gained mutation: Spells you cast may paralyse adjacent
                  | enemies. [demonic ancestry]
    25 | D:1      | Reached XP level 2. HP: 22/22 MP: 2/2
   413 | D:1      | Reached skill level 1 in Short Blades
   572 | D:1      | Found a faded altar of an unknown god.
  1014 | D:1      | Reached XP level 3. HP: 26/27 MP: 3/3
  1776 | D:2      | Gained mutation: You have a pair of small horns on your
                  | head. [demonic ancestry]
  1776 | D:2      | Reached XP level 4. HP: 33/33 MP: 4/4
  3071 | D:3      | Gained mutation: You have a somewhat thin skeletal
                  | structure. (Dex +2, Stealth+) [demonic ancestry]
  3071 | D:3      | Reached XP level 5. HP: 21/38 MP: 5/5
  3423 | D:3      | Found Teirchamm's General Store.
  3427 | D:3      | Bought a scroll of teleportation for 39 gold pieces
  3427 | D:3      | Bought a potion of heal wounds for 65 gold pieces
  3427 | D:3      | Bought a potion of degeneration for 13 gold pieces
  3427 | D:3      | Bought a potion of heal wounds for 65 gold pieces
  3803 | D:4      | Noticed a black bear
  3812 | D:4      | Killed a black bear
  3925 | D:4      | Learned a level 1 spell: Pain
  3942 | D:4      | Noticed an ogre
  3968 | D:4      | Reached skill level 5 in Short Blades
  3968 | D:4      | Reached skill level 1 in Necromancy
  3968 | D:4      | Reached XP level 6. HP: 39/44 MP: 6/6
  4898 | D:4      | Upgraded the game from 0.27-a0-1123-g2f9bb313c0 to
                  | 0.27-a0-1136-g0b992a5a9d
  4949 | D:5      | Entered Level 5 of the Dungeon
  5082 | D:5      | Reached XP level 7. HP: 50/50 MP: 7/7
  5348 | D:5      | Found an ornate altar of the Wu Jian Council.
  5376 | D:5      | Found a runed translucent door.
  5377 | D:5      | Noticed Crazy Yiuf
  5385 | D:5      | Killed Crazy Yiuf
  5478 | D:5      | Found a sparkling altar of Nemelex Xobeh.
  5489 | D:5      | Found an opulent altar of Gozag.
  6310 | D:6      | Reached skill level 5 in Necromancy
  6557 | D:6      | Gained mutation: You regenerate a little health from kills.
                  | [demonic ancestry]
  6557 | D:6      | Reached XP level 8. HP: 56/56 MP: 8/8
  6719 | D:6      | Learned a level 3 spell: Vampiric Draining
  7199 | D:7      | Noticed Harold
  7232 | D:6      | Killed Harold
  7233 | D:6      | Gained mutation: Spells you cast may paralyse nearby
                  | enemies. [demonic ancestry]
  7233 | D:6      | Reached XP level 9. HP: 31/61 MP: 2/9
  7493 | D:7      | Found a staircase to the Ecumenical Temple.
  7725 | D:7      | Found a shadowy altar of Dithmenos.
  7898 | D:7      | Found a stormy altar of Qazlal.
  8055 | Temple   | Entered the Ecumenical Temple
  8182 | D:7      | Became a worshipper of Dithmenos the Shadowed
  8297 | D:7      | Found Wuhi's Book Shop.
  8614 | D:7      | Found a shimmering blue altar of Sif Muna.
  8616 | D:7      | Found an iron altar of Okawaru.
  8616 | D:7      | Found a bloodstained altar of Trog.
  8618 | D:7      | Found a shimmering altar of Xom.
  8618 | D:7      | Found a blossoming altar of Fedhas.
  8618 | D:7      | Found an iron altar of Okawaru.
  8974 | D:8      | Found a sand-covered staircase.
  8980 | Ossuary  | Entered an ossuary
  9523 | Ossuary  | Reached * piety under Dithmenos
  9555 | Ossuary  | Identified the ring of Xom's Entertainment {rF+ Int+6}
  9631 | Ossuary  | Reached skill level 5 in Throwing
 10173 | D:8      | Reached XP level 10. HP: 67/67 MP: 10/10
 10196 | D:8      | Reached skill level 1 in Invocations
 11032 | D:9      | Found a staircase to the Orcish Mines.
 11547 | D:9      | Reached skill level 10 in Necromancy
 11699 | D:9      | Reached ** piety under Dithmenos
 11983 | D:9      | Learned a level 5 spell: Agony
 12017 | D:10     | Entered Level 10 of the Dungeon
 12081 | D:10     | Reached skill level 10 in Short Blades
 12081 | D:10     | Reached skill level 1 in Spellcasting
 12198 | D:10     | Found a staircase to the Lair.
 12420 | D:10     | Noticed a two-headed ogre
 12432 | D:10     | Killed a two-headed ogre
 12809 | D:10     | Reached skill level 5 in Invocations
 12896 | D:10     | Found a portal to a secret trove of treasure.
 13392 | D:7      | Bought a book of Maledictions for 250 gold pieces
 13396 | D:7      | Learned a level 3 spell: Confusing Touch
 13398 | D:7      | Learned a level 1 spell: Corona
 13509 | Lair:1   | Entered Level 1 of the Lair of Beasts
 13530 | Lair:1   | Noticed Sonja
 13542 | Lair:1   | Killed Sonja
 13543 | Lair:1   | Reached skill level 1 in Hexes
 13571 | Lair:1   | Found a dark tunnel.
 13581 | Lair:1   | Reached XP level 11. HP: 72/72 MP: 7/15
 13585 | Volcano  | Entered a volcano
 13691 | Volcano  | Found a burning altar of Makhleb.
 13691 | Volcano  | Noticed a red ugly thing
 13691 | Volcano  | Noticed a red ugly thing
 13698 | Volcano  | Killed a red ugly thing
 13707 | Volcano  | Noticed a hell knight
 13709 | Volcano  | Killed a brown ugly thing
 13715 | Volcano  | Killed a hell knight
 13821 | Volcano  | HP: 2/72 [molten gargoyle/+1 morningstar of holy wrath
                  | (27)]
 13821 | Volcano  | Slain by a molten gargoyle

Illustrated notes

Levels and vault maps discovered:
D:1:      lemuel_arrival_room, layout_loops_cross,
          shapermc_ecumenical_altar_mp_urbaneastern
D:2:      layout_basic
D:3:      layout_basic, serial_shops, shop, lemuel_another_geyser
D:4:      layout_loops_ring, gup_sewer_entry_bubbles, st_stairs_1,
          hangedman_decor_peaks_small, minmay_tree_intersection
D:5:      layout_basic, minitemple, uniq_crazy_yiuf_cottage
D:6:      layout_basic
D:7:      layout_basic, doesnt_xom_only_xom, nicolae_qazlal_general_emergency,
          nicolae_dithmenos_the_darkroom, temple_hall, serial_shops,
          shop_fountains, minmay_misc_feat_iff, serial_bayou_lagoon_a,
          uniq_harold
D:8:      layout_gridville, nicolae_ossuary_entry_plus
D:9:      layout_stronghold, orc_0_dummy
D:10:     layout_loops_cross, lair_entry_dummy, nicolae_trove_entry_columns,
          kennysheep_generic_room_4
Temple:   compressed_dpeg_circular_temple
Lair:1:   layout_chaotic_city, enter_volcano_3, uniq_sonja
Volcano:  volcano_lake [vl_original]

Skill      XL: |  1  2  3  4  5  6  7  8  9 10 11 |
---------------+----------------------------------+-----
Throwing       | 4 5 6 |  6.5
Short Blades   | 1 2 3 5 6 8 9 10 | 10.6
Necromancy     | 1 3 5 7 9 10 | 10.0
Invocations    | 5 6 |  6.7
Spellcasting   | 3 |  3.8
Hexes          | 1 2 |  2.9
Fighting       | |  2.0
Dodging        | |  1.7
Stealth        | |  0.8

Action                   |  1- 3 |  4- 6 |  7- 9 | 10-12 || total
-------------------------+-------+-------+-------+-------++-------
Melee: Short sword       |   113 |   125 |   190 |   158 ||   586
       Headbutt          |       |    20 |    56 |    27 ||   103
       Dagger            |       |       |    68 |       ||    68
Throw: Javelin           |    17 |    31 |     8 |     6 ||    62
       Throwing net      |     5 |     2 |       |       ||     7
       Boomerang         |       |     9 |    17 |     8 ||    34
 Cast: Pain              |       |    13 |    81 |    36 ||   130
       Vampiric Draining |       |       |     3 |    10 ||    13
       Confusing Touch   |       |       |       |     3 ||     3
Evoke: Wand              |       |       |    30 |     3 ||    33
       Condenser vane    |       |       |       |     1 ||     1
  Use: Scroll            |     3 |     6 |    10 |     6 ||    25
       Potion            |     1 |       |     2 |     4 ||     7
 Stab: Sleeping          |     1 |     3 |    10 |     4 ||    18
       Held in net/web   |     1 |     1 |       |       ||     2
       Paralysed         |       |     6 |    37 |    29 ||    72
       Invisible         |       |       |       |     1 ||     1
Armor: Leather armour    |    31 |    38 |    61 |    28 ||   158
       Skin              |       |       |     6 |       ||     6
Dodge: Dodged            |    51 |    69 |   143 |   133 ||   396

Table legend: (Time is in decaauts)
 A = Elapsed time spent in this place.
 B = Non-inter-level travel time spent in this place.
 C = Inter-level travel time spent in this place.
 D = Time resting spent in this place.
 E = Time spent auto-exploring this place.
 F = Levels seen in this place.
 G = Mean time per level.
                   A        B        C        D        E       F      G
               +--------+--------+--------+--------+--------+-----+--------+
         Total |  13742 |  12772 |    970 |    831 |   9793 |  14 |  981.6 |
       Dungeon |  12636 |  11721 |    915 |    788 |   9146 |  10 | 1263.6 |
        Temple |     84 |     69 |     15 |      0 |     69 |   1 |   84.0 |
          Lair |     72 |     33 |     39 |      0 |      0 |   1 |   72.0 |
       Ossuary |    723 |    723 |      0 |      0 |    488 |   1 |  723.0 |
       Volcano |    225 |    225 |      0 |     43 |     90 |   1 |  225.0 |
               +--------+--------+--------+--------+--------+-----+--------+

Top non-repeatable levels by time:
     D:7: 1529 daAuts
     D:4: 1346 daAuts
     D:5: 1319 daAuts
     D:3: 1298 daAuts
    D:10: 1253 daAuts
     D:9: 1225 daAuts
     D:1: 1220 daAuts
     D:6: 1175 daAuts
     D:8: 1146 daAuts
     D:2: 1121 daAuts
 Ossuary: 723 daAuts
 Volcano: 225 daAuts
  Temple: 84 daAuts
  Lair:1: 72 daAuts
